 Dungeon Crawl Stone Soup version 0.18-a0-1024-gf1736fb (webtiles) character file.

86 Ijustatesigmund the Skirmisher (level 4, -3/37 HPs)
             Began as a Demonspawn Abyssal Knight on Jan 7, 2016.
             Was a Believer of Lugonu.
             Succumbed to graki42's ghost's poison
             ... on level 3 of the Dungeon.
             The game lasted 00:07:56 (2604 turns).

Ijustatesigmund the Skirmisher (DsAK)               Turns: 2604, Time: 00:07:57

Health: -3/37      AC: 12    Str: 14    XL:     4   Next: 26%
Magic:  1/6        EV: 10    Int: 13    God:    Lugonu [**....]
Gold:   133        SH:  0    Dex: 12    Spells: 0 memorised, 3 levels left

rFire  . . .     SeeInvis .     h - +0 mace (protect)
rCold  + . .     Gourm    .     r - +0 ring mail
rNeg   + . .     Faith    .     (no shield)
rPois  .         Spirit   +     (no helmet)
rElec  .         Dismiss  .     (no cloak)
rCorr  .         Reflect  .     (no gloves)
SustAt .         Harm     .     (no boots)
MR     .....                    (no amulet)
Stlth  +.........               l - ring of positive energy
                                i - ring of protection from cold

@: lethally poisoned (-3 -> -56), not resistant to hostile enchantments, very
unstealthy
A: yellow scales 1, magic shield
a: Depart the Abyss, Bend Space, Renounce Religion


You were on level 3 of the Dungeon.
You worshipped Lugonu.
Lugonu was pleased with you.
You were not hungry.

You visited 1 branch of the dungeon, and saw 3 of its levels.
You visited the Abyss 1 time.

You collected 133 gold pieces.

Inventory:

Hand Weapons
 a - a +2 mace
 h - a +0 mace of protection (weapon)
 t - a +0 morningstar
Armour
 b - a +0 leather armour
 r - a +0 ring mail (worn)
Jewellery
 i - a ring of protection from cold (left hand)
 l - a ring of positive energy (right hand)
Wands
 p - a wand of paralysis (9/24)
 q - a wand of lightning (6/15)
Scrolls
 m - 2 scrolls of remove curse
Potions
 d - a potion of lignification {unknown}
 e - a potion of cure mutation
 f - a potion of brilliance {unknown}
 j - a potion of agility {unknown}
 n - a potion of curing {unknown}
 o - a potion of flight {unknown}
 s - a potion of heal wounds {unknown}
Comestibles
 c - 2 bread rations
 g - 2 meat rations
 k - 3 beef jerkies
 u - 4 fruits
 v - a chunk of flesh


   Skills:
 + Level 3.9 Fighting
 + Level 3.0 Maces & Flails
 - Level 1.7 Armour
 - Level 0.8 Dodging
 + Level 3.4 Invocations


You had 3 spell levels left.
You didn't know any spells.

Dungeon Overview and Level Annotations

Branches:
Dungeon (3/15)

Altars:
Cheibriados
Fedhas
Gozag
Nemelex Xobeh
Vehumet

Annotations:
D:3 graki42's ghost, amateur HaHu


Innate Abilities, Weirdness & Mutations

You are partially covered in yellow scales (AC +2).
When hurt, damage is shared between your health and your magic reserves.


Message History

Graki42's ghost is lightly damaged.
You feel very sick. Graki42's ghost hits you.
You are more poisoned.
You hit graki42's ghost.
Graki42's ghost is lightly damaged.
* * * LOW HITPOINT WARNING * * *
You feel very sick. Graki42's ghost hits you.
* * * LOW HITPOINT WARNING * * *
You are more poisoned.
Graki42's ghost hits you but does no damage.
You are more poisoned.
Space bends around you!
You blink.
You feel slightly more hungry.
* * * LOW HITPOINT WARNING * * *
You feel very sick.
Found a bubbling white potion.
Drink which item? (? for menu, Esc to quit)
It was a potion of cure mutation.
It has a very clean taste.
You die...

### #.! #.# ######## #.#
#.......
##.#########.......
#..................
#.@................
#..................
#......... .#####'#
##l##############.# .W.
........... #.#
#.......... #ยง#
#..........
.#.####.####.#.......[..
...........#.#..........


You could see graki42's ghost and a giant newt.

Vanquished Creatures
  2 adders
  2 oozes
  A worm (D:2)
  5 bats
  3 giant cockroaches
  6 goblins
  4 hobgoblins
  8 jackals
  9 kobolds
  A quokka (D:2)
  A ball python (D:1)
  3 giant newts
  10 rats
55 creatures vanquished.

Notes
Turn   | Place    | Note
--------------------------------------------------------------
     0 | Abyss:1  | Ijustatesigmund the Demonspawn Abyssal Knight began the quest for the Orb.
     0 | Abyss:1  | Reached XP level 1. HP: 18/18 MP: 2/2
     2 | Abyss:1  | Found a burning altar of Makhleb.
    11 | Abyss:1  | Found a corrupted altar of Lugonu.
    22 | Abyss:1  | Noticed a neqoxec
    29 | Abyss:1  | Noticed an iron imp
    32 | Abyss:1  | Noticed a crimson imp
    32 | D:1      | Escaped the Abyss
   213 | D:1      | Reached * piety under Lugonu
   340 | D:1      | Gained mutation: You are partially covered in yellow scales (AC +2). [demonic ancestry]
   340 | D:1      | Reached XP level 2. HP: 21/24 MP: 4/4
  1173 | D:2      | Gained mutation: When hurt, damage is shared between your health and your magic reserves. [demonic ancestry]
  1173 | D:2      | Reached XP level 3. HP: 27/29 MP: 5/5
  1781 | D:3      | Reached ** piety under Lugonu
  1858 | D:3      | Found a radiant altar of Vehumet.
  1861 | D:3      | Found an opulent altar of Gozag.
  1864 | D:3      | Found a sparkling altar of Nemelex Xobeh.
  1869 | D:3      | Found a snail-covered altar of Cheibriados.
  2080 | D:3      | Reached XP level 4. HP: 35/37 MP: 6/6
  2372 | D:3      | Found a blossoming altar of Fedhas.
  2588 | D:3      | Noticed graki42's ghost (amateur HaHu)
  2603 | D:3      | HP: 1/37 [poisoned by graki42's ghost]
  2604 | D:3      | Succumbed to graki42's ghost's poison

Vault maps used:
D:1:      sevenhm_arrival_forest_fort_large_4
D:2:      kennysheep_generic_room_5
D:3:      grunt_temple_overflow_cloverleaf, minmay_hedge_maze,
          fedhas_altar_fruit_tree

Action                   |  1- 3 |  4- 6 || total
-------------------------+-------+-------++-------
Melee: Mace              |   198 |    29 ||   227
Invok: Depart the Abyss  |     1 |       ||     1
       Bend Space        |       |     1 ||     1
  Use: Scroll            |     5 |       ||     5
       Potion            |       |     1 ||     1
 Stab: Sleeping          |     1 |       ||     1
  Eat: Chunk             |     4 |     2 ||     6
